 Dungeon Crawl Stone Soup version 0.30-a0-1116-gebefce21f7 (webtiles) character file.

Game seed: 5094009628259220895

3297 senseless the Conjurer (level 9, -4/62 HPs)
             Began as a Black Draconian Conjurer on Apr 21, 2023.
             Was an Initiate of Qazlal.
             Slain by an ice beast (12 damage)
             ... on level 8 of the Dungeon.
             The game lasted 00:29:54 (6740 turns).

senseless the Conjurer (Black Draconian Conjurer)   Turns: 6740, Time: 00:29:55

Health: -4/62      AC: 11    Str: 10    XL:     9   Next: 70%
Magic:  26/26      EV: 13    Int: 23    God:    Qazlal [......]
Gold:   486        SH:  4    Dex:  9    Spells: 10/19 levels left

rFire   . . .      SeeInvis .    c - +5 scimitar
rCold   . . .      Faith    .    y - +0 buckler
rNeg    . . .      Spirit   .    (body armour unavailable)
rPois   .          Reflect  .    (helmet restricted)
rElec   +          Rampage  .    f - +0 cloak
rCorr   .                        o - +1 pair of gloves
Will    .....                    t - +0 pair of boots
Stlth   +++                      k - amulet of magic regeneration
HPRegen 0.30/turn                p - ring of magical power
MPRegen 0.60/turn                I - ring of wizardry

@: lethally poisoned (-4 -> -9), short of breath, slowed, very slow
A: breathe lightning, AC +7, unfitting armour, electricity resistance,
cold-blooded
a: Breathe Lightning, Renounce Religion


You were on level 8 of the Dungeon.
You worshipped Qazlal.
Qazlal was noncommittal.
You visited 2 branches of the dungeon, and saw 9 of its levels.

You collected 486 gold pieces.

Inventory:

Hand Weapons
 c - a +5 scimitar (weapon)
 D - a +2 whip of freezing
Armour
 f - a +0 cloak (worn)
 o - a +1 pair of gloves (worn)
 t - a +0 pair of boots (worn)
 y - a +0 buckler (worn)
Jewellery
 i - an amulet of guardian spirit
 k - an amulet of magic regeneration (around neck)
 p - a ring of magical power (left hand)
 x - a ring of see invisible
 I - a ring of wizardry (right hand)
Wands
 g - a wand of charming (21)
 s - a wand of flame (21)
Scrolls
 b - 2 scrolls of poison
 h - a scroll of fog
 n - 4 scrolls of teleportation
 u - a scroll of fear
 E - a scroll of blinking
Potions
 a - 2 potions of magic
 d - a potion of lignification
 e - 4 potions of curing
 j - 3 potions of heal wounds
 m - a potion of ambrosia
 q - a potion of might
 r - a potion of haste
 w - a potion of invisibility
 C - a potion of mutation {unknown}
 F - a potion of brilliance


   Skills:
 + Level 5.9 Dodging
 - Level 4.9 Stealth
 + Level 3.7 Shields
 + Level 5.9 Spellcasting
 + Level 7.4 Conjurations
 - Level 2.4 Hexes
 + Level 6.0 Air Magic


You had 10 spell levels left.
You knew the following spells:

 Your Spells              Type           Power      Damage    Failure   Level
a - Magic Dart            Conj           100%       1d8       1%          1
b - Searing Ray           Conj           80%        2d7       1%          2
c - Plasma Beam           Fire/Air       10%        2x1d23    87%         6

Your spell library contained the following spells:

 Spells                   Type           Power      Damage    Failure   Level
 Foxfire                  Conj/Fire      92%        2x1d8     1%          1
 Dazzling Flash           Conj/Hex       58%        N/A       1%          3
 Cigotuvi's Dreadful Rot  Necr/Pois/Air  32%        N/A       3%          2
 Apportation              Tloc           12%        N/A       4%          1
 Beastly Appendage        Tmut           12%        N/A       4%          1
 Necrotise                Necr           24%        1d5       4%          1
 Summon Small Mammal      Summ           24%        N/A       4%          1
 Ensorcelled Hibernation  Hex/Ice        24%        N/A       4%          2
 Tukima's Dance           Hex            18%        N/A       4%          3
 Fulminant Prism          Conj/Hex       14%        3d9       6%          4
 Wereblood                Tmut           6%         N/A       7%          2
 Portal Projectile        Hex/Tloc       24%        N/A       9%          3
 Iskenderun's Mystic Bla  Conj/Tloc      23%        2d6       10%         4
 Ignite Poison            Fire/Tmut/Pois 6%         N/A       14%         3
 Spider Form              Tmut/Pois      6%         N/A       14%         3
 Freezing Cloud           Conj/Ice/Air   13%        6-21      21%         5
 Anguish                  Hex/Necr       6%         N/A       26%         4
 Fireball                 Conj/Fire      11%        3d7       26%         5
 Blade Hands              Tmut           3%         N/A       75%         5
 Starburst                Conj/Fire      11%        6d5       80%         6


Dungeon Overview and Level Annotations

Branches:
Dungeon (8/15)             Temple (1/1) D:7
   Lair: D:8-11

Altars:
Dithmenos
Fedhas
Hepliaklqana
Kikubaaqudgha
Makhleb
Okawaru
Qazlal
Ru
Trog
Uskayaw
Vehumet
Wu Jian
Xom
Yredelemnul
Zin
The Shining One

Shops:
D:1 =   D:6 (

Annotations:
D:6 3 runed translucent doors, senseless's ghost, novice OpCj
D:8 Gastronok; Prince Ribbit


Innate Abilities, Weirdness & Mutations

You can breathe wild blasts of lightning.
Your glossy black scales are hard. (AC +7)
You cannot fit into any form of body armour.
You are resistant to electric shocks. (rElec)
You are cold-blooded and may be slowed by cold attacks.


Message History

The killer bee stings you. You block the yak's attack.
The yak closely misses you. The ice beast hits you. The ice beast freezes you!
A yak comes into view.
The centaur simulacrum barely misses you.
The centaur simulacrum kicks you but does no damage.
The killer bee stings you.
The killer bee stings you but does no damage.
There is a stone staircase leading up, spattered with blood here.
Activating: Breathe Lightning (4% risk of failure)
Press: ? - help, Dir - look around, f - activate You breathe a wild blast of lightning!
The bolt of lightning hits the yak.
The yak is lightly wounded.
The bolt of lightning hits the killer bee.
The killer bee is moderately wounded.
The ufetubus shouts!
The yak bellows!
You hear a shout! x2
You hear an angry hiss.
The killer bee stings you.
You are poisoned.
The killer bee poisons you! The killer bee misses you.
The centaur simulacrum misses you. The centaur simulacrum kicks you.
The centaur simulacrum freezes you.
You feel yourself slow down. The yak gores you! The yak barely misses you.
You block the ice beast's attack.
The killer bee stings you but does no damage.
The killer bee misses you.
The killer bee buzzes angrily.
You feel very sick.
The killer bee stings you but does no damage.
The killer bee barely misses you.
The killer bee stings you but does no damage. x2
The ice beast barely misses you. The yak gores you.
* * * LOW HITPOINT WARNING * * *
The yak gores you.
* * * LOW HITPOINT WARNING * * *
The killer bee stings you but does no damage.
The killer bee barely misses you.
The killer bee stings you but does no damage.
The yak gores you but does no damage. The ice beast hits you.
* * * LOW HITPOINT WARNING * * *
The ice beast freezes you!
You die...

.......# .. .
...F... ... ..
...... .... ...
....###....
....#..........
.............
#.YyY.)....
#@yo.....
#ZyY5.>..$
#Z.........
.......5....
.............
...#§..........
.§#§#§.........
.§§§§#.........


You could see 2 yaks, an ice beast, a bullfrog, 3 killer bees, a white imp, 2
centaur simulacra, an orc and an ufetubus.

Vanquished Creatures
  Pikel (D:6)
  Grinder (D:5)
  A yak (D:7)
  2 steam dragons (D:7)
  A water moccasin (D:6)
  An orc warrior (D:7)
  2 ice beasts
  A black bear (D:4)
  An ogre (D:4)
  3 phantoms
  A bullfrog (D:7)
  2 gnoll sergeants
  2 scorpions
  5 wights (D:7)
  5 killer bees (D:7)
  3 hounds
  4 orc priests
  A jelly (D:4)
  Crazy Yiuf (D:7)
  A human skeleton (D:4)
  A sleepcap (D:4)
  Natasha (thrice) (D:4)
  7 gnolls
  7 adders
  4 white imps
  An ufetubus (D:4)
  2 worms
  2 dart slugs
  21 orcs
  9 endoplasms
  A giant cockroach (D:3)
  8 goblins
  9 hobgoblins
  4 quokkas
  6 ball pythons
  6 bats
  4 frilled lizards
  A goblin zombie (D:4)
  6 kobolds
  4 rats
145 creatures vanquished.

Notes
Turn   | Place    | Note
-------+----------+-------------------------------------------
     0 | D:1      | senseless the Draconian Conjurer began the quest for the
                  | Orb.
     0 | D:1      | Reached XP level 1. HP: 14/14 MP: 3/3
   224 | D:1      | Reached XP level 2. HP: 13/20 MP: 1/5
   264 | D:1      | Found a faded altar of an unknown god.
   393 | D:1      | Learned a level 2 spell: Searing Ray
   775 | D:1      | Reached XP level 3. HP: 24/26 MP: 0/6
   941 | D:1      | Found Osac Rekhlye's Jewellery Emporium.
  1039 | D:1      | Learned a level 3 spell: Tukima's Dance
  1697 | D:2      | Identified the +5 ring mail of Noph {+Inv rF+ Regen+ Str-5}
  2136 | D:3      | Reached XP level 4. HP: 33/33 MP: 2/7
  3151 | D:4      | Reached skill level 1 in Hexes
  3166 | D:4      | Noticed Natasha
  3169 | D:4      | Killed Natasha
  3170 | D:4      | Reached XP level 5. HP: 38/38 MP: 6/9
  3189 | D:4      | Identified a scroll of acquirement
  3189 | D:4      | Acquired a book of Fire
  3194 | D:4      | Noticed Natasha
  3198 | D:4      | Killed Natasha
  3259 | D:4      | Noticed Natasha
  3265 | D:4      | Killed Natasha
  3302 | D:4      | Noticed a black bear
  3308 | D:4      | Killed a black bear
  3309 | D:4      | Reached XP level 6. HP: 45/45 MP: 5/10
  3360 | D:4      | Found a runed translucent door.
  3360 | D:4      | Noticed a human
  3379 | D:4      | Reached skill level 5 in Conjurations
  3391 | D:4      | Found a basalt altar of Yredelemnul.
  3646 | D:5      | Entered Level 5 of the Dungeon
  3762 | D:5      | Noticed Grinder
  3803 | D:4      | Your scales start taking on a glossy black colour.
  3803 | D:4      | Reached XP level 7. HP: 45/50 MP: 5/12
  3803 | D:4      | Gained mutation: You are resistant to electric shocks.
                  | (rElec) [Black Draconian growth]
  3927 | D:5      | Reached skill level 1 in Air Magic
  4035 | D:5      | Identified the +0 ring mail "Use Pucsa" {Fly rN+++ MP-9
                  | Int+4 Stlth-}
  4230 | D:5      | Killed Grinder
  4257 | D:5      | Found a shadowy altar of Dithmenos.
  4258 | D:5      | Found a blossoming altar of Fedhas.
  4656 | D:6      | Reached XP level 8. HP: 56/57 MP: 14/14
  4687 | D:6      | Found an ancient bone altar of Kikubaaqudgha.
  4765 | D:6      | Found a runed translucent gate.
  4765 | D:6      | Found a runed translucent gate.
  4765 | D:6      | Found a runed translucent gate.
  4767 | D:6      | Noticed senseless's ghost (novice OpCj)
  4778 | D:6      | Found Ykhlucwe's Weapon Boutique.
  4911 | D:6      | Reached skill level 6 in Conjurations
  5417 | D:7      | Reached skill level 1 in Shields
  5499 | D:7      | Found a staircase to the Ecumenical Temple.
  5507 | D:7      | Reached skill level 5 in Spellcasting
  5534 | D:7      | Reached skill level 5 in Dodging
  5538 | D:7      | Noticed Pikel
  5581 | D:6      | Killed Pikel
  5582 | D:6      | Reached skill level 5 in Air Magic
  5582 | D:6      | Reached XP level 9. HP: 22/62 MP: 17/17
  5742 | Temple   | Entered the Ecumenical Temple
  5874 | Temple   | Became a worshipper of Qazlal Stormbringer
  5968 | D:7      | Reached skill level 7 in Conjurations
  6079 | D:7      | Found a glowing golden altar of the Shining One.
  6159 | D:7      | Found a runed translucent door.
  6160 | D:7      | Noticed Crazy Yiuf
  6271 | D:7      | Learned a level 6 spell: Plasma Beam
  6395 | D:7      | Found a glowing silver altar of Zin.
  6396 | D:7      | Noticed an angel
  6473 | D:7      | Killed Crazy Yiuf
  6564 | D:8      | Noticed Gastronok
  6578 | D:8      | Noticed Prince Ribbit
  6740 | D:8      | Slain by an ice beast

Illustrated notes

Levels and vault maps discovered:
D:1:      dpeg_arrival_rhombi, layout_basic, serial_shops, shop,
          chequers_ecumenical_altar_simple
D:2:      layout_basic
D:3:      layout_basic, minmay_bisected
D:4:      layout_cave_pools, dk_yredelemnul_ordeal, minivault_19,
          corexii_item_surrounded_by_moat, uniq_natasha
D:5:      layout_cave_pools, nicolae_overflow_crystal_walls,
          mainiacjoe_overflow_brackets, grunt_ministairs_6,
          kennysheep_another_room, uniq_grinder
D:6:      layout_cave_pools, amcnicky_altar_gilded, ebering_ghost_rock_garden,
          serial_shops, nicolae_shop_tiny_waterfront, minmay_misc_feat_plants
D:7:      layout_rooms, zin_angel, kennysheep_mini,
          minmay_temple_entry_statues_fountains, uniq_pikel,
          uniq_crazy_yiuf_cottage
D:8:      layout_cave_pools, serial_ice, serial_ice_n, serial_ice_m,
          serial_ice_k, serial_ice_e, serial_ice_g, serial_ice_o, serial_ice_f,
          serial_ice_h, serial_ice_b, serial_ice_a, uniq_grum, uniq_gastronok,
          uniq_prince_ribbit1
Temple:   hellmonk_temple_beads

Skill      XL: |  1  2  3  4  5  6  7  8  9 |
---------------+----------------------------+-----
Stealth        | 2 3 4 |  4.9
Dodging        | 2 3 4 5 |  5.9
Hexes          | 1 2 |  2.4
Spellcasting   | 3 4 5 |  5.9
Conjurations   | 5 6 7 |  7.4
Air Magic      | 2 5 6 |  6.0
Shields        | 2 3 |  3.7

Action                     |  1- 3 |  4- 6 |  7- 9 || total
---------------------------+-------+-------+-------++-------
  Melee: Dagger            |    40 |    20 |     1 ||    61
         Tailslap          |     5 |     2 |       ||     7
   Cast: Magic Dart        |    93 |    89 |   163 ||   345
         Tukima's Dance    |       |     2 |       ||     2
         Searing Ray       |       |     7 |    35 ||    42
Ability: Breathe Lightning |       |       |     4 ||     4
    Use: Scroll            |       |     9 |    10 ||    19
         Potion            |       |       |     2 ||     2
 Armour: Skin              |    17 |    25 |    48 ||    90
  Dodge: Dodged            |    24 |    45 |    72 ||   141
  Block: Buckler           |       |       |    17 ||    17

Table legend: (Time is in decaauts)
 A = Elapsed time spent in this place.
 B = Non-inter-level travel time spent in this place.
 C = Inter-level travel time spent in this place.
 D = Time resting spent in this place.
 E = Time spent auto-exploring this place.
 F = Levels seen in this place.
 G = Mean time per level.
                   A        B        C        D        E       F      G
               +--------+--------+--------+--------+--------+-----+--------+
         Total |   6762 |   6274 |    488 |    403 |   4729 |   9 |  751.3 |
       Dungeon |   6606 |   6174 |    432 |    403 |   4641 |   8 |  825.8 |
        Temple |    156 |    100 |     56 |      0 |     88 |   1 |  156.0 |
               +--------+--------+--------+--------+--------+-----+--------+

Top non-repeatable levels by time:
     D:7: 1049 daAuts
     D:1: 1039 daAuts
     D:3: 1033 daAuts
     D:2: 981 daAuts
     D:6: 893 daAuts
     D:5: 862 daAuts
     D:4: 722 daAuts
  Temple: 156 daAuts
     D:8: 24 daAuts
